Map: Romanticide LE

Players

Rogue - Winner!

  • Race: Zerg Zerg
  • Spawn Location: 11:00

souL

  • Race: Terran Terran
  • Spawn Location: 5:00

VOD

Have the link to the VOD?

Description

Time

  • Played on: Jan. 26, 2021, 5:22 a.m.
  • Length: 16:51
Show
View Real Time Build Order
Export as new Build Order

Rogue Zerg - Winner!

Build Orders: Hatch First, Muta Ling Bane 

Get SALT Encoding   

  12  0:00  Drone  
  13  0:12  Overlord  
  13  0:17  Drone  
  14  0:31  Drone x2  
  16  0:49  Hatchery  
  15  0:51  Drone  
  15  0:54  Drone  
  17  0:57  Drone  
  18  1:08  Extractor  
  17  1:12  Spawning Pool  
  17  1:15  Drone  
  18  1:18  Drone  
  18  1:29  Drone  
  19  1:39  Drone  
  20  1:50  Drone  
  21  2:00  Queen  
  21  2:01  Queen, Zergling x2  
  23  2:02  Zergling x2  
  27  2:11  Overlord  
  27  2:13  Drone  
  28  2:20  Hatchery  
  27  2:23  Drone  
  28  2:33  Drone  
  28  2:34  Drone x2  
  30  2:39  Queen  
  30  2:43  Metabolic Boost  
  32  2:48  Overlord  
  32  2:50  Drone  
  33  2:55  Drone x2  
  35  3:10  Drone x5  
  40  3:16  Queen  
  42  3:20  Overlord  
  42  3:22  Drone  
  43  3:32  Queen  
  43  3:33  Drone x3  
  48  3:39  Drone  
  48  3:41  Drone x3  
  51  3:44  Drone  
  51  3:45  Queen  
  51  3:47  Zergling x2  
  51  3:48  Zergling x2  
  57  3:49  Overlord  
  57  3:58  Baneling Nest  
  57  4:01  Drone  
  57  4:07  Overlord  
  57  4:09  Drone  
  58  4:10  Drone x3  
  58  4:13  Drone  
  58  4:14  Drone  
  58  4:16  Drone  
  64  4:17  Drone  
  64  4:22  Overlord x3  
  65  4:28  Overlord  
  65  4:31  Overlord  
  65  4:37  Lair  
  65  4:38  Extractor  
  64  4:39  Overlord  
  64  4:40  Queen  
  64  4:42  Zergling x10  
  71  4:50  Zergling x2  
  71  4:51  Zergling x8  
  76  4:53  Zergling x2  
  76  4:58  Zergling x2  
  76  4:59  Zergling x10  
  83  5:02  Zergling x2  
  83  5:03  Zergling x2  
  83  5:07  Spore Crawler x3  
  83  5:11  Drone  
  81  5:14  Baneling x5  
  81  5:20  Drone x3  
  82  5:25  Queen, Zergling x6  
  82  5:26  Queen  
  83  5:28  Drone  
  83  5:35  Drone x5  
  81  5:36  Drone  
  81  5:40  Drone x2  
  81  5:41  Spore Crawler  
  84  5:45  Drone  
  84  5:47  Drone  
  84  5:49  Drone  
  86  5:51  Extractor x2  
  86  5:53  Extractor  
  86  5:56  Extractor, Drone  
  83  5:57  Spire  
  83  5:58  Drone  
  83  6:00  Overseer  
  83  6:04  Drone x2  
  83  6:07  Queen  
  83  6:10  Drone  
  88  6:11  Overlord  
  88  6:16  Drone  
  88  6:18  Drone x3  
  92  6:22  Drone  
  94  6:25  Drone x2  
  94  6:27  Drone  
  94  6:28  Drone x2, Hatchery  
  94  6:40  Spore Crawler  
  94  6:43  Drone  
  94  6:44  Drone x5  
  94  6:45  Drone x2  
  97  6:48  Queen x3  
  99  6:59  Drone  
  99  7:00  Drone x5  
  103  7:07  Evolution Chamber  
  103  7:08  Overlord x2, Evolution Chamber  
  101  7:14  Mutalisk x5  
  111  7:24  Mutalisk  
  111  7:25  Mutalisk x4  
  111  7:29  Zerg Flyer Weapons Level 1  
  121  7:35  Mutalisk  
  123  7:37  Drone  
  123  7:38  Drone x4  
  128  7:48  Zerg Melee Weapons Level 1, Zerg Ground Armor Level 1  
  128  7:53  Hatchery  
  128  7:56  Drone x5  
  128  7:57  Centrifical Hooks  
  132  7:59  Zergling x6  
  132  8:04  Overlord x2  
  135  8:11  Drone x3  
  138  8:19  Overlord x2  
  138  8:23  Mutalisk x3  
  138  8:26  Hatchery  
  143  8:27  Drone x2  
  143  8:29  Extractor  
  143  8:30  Spore Crawler  
  143  8:33  Overseer  
  143  8:36  Mutalisk x3  
  143  8:38  Zergling x2  
  143  8:39  Zergling x14  
  157  8:43  Pneumatized Carapace  
  157  8:45  Extractor  
  157  8:47  Zergling x2  
  157  8:48  Zergling x10  
  161  8:49  Zergling x4  
  161  8:50  Drone  
  161  8:54  Drone x2  
  161  8:55  Baneling x8  
  166  9:02  Drone x3  
  169  9:03  Drone x3  
  169  9:04  Overlord  
  169  9:05  Drone  
  169  9:07  Drone x2  
  169  9:08  Baneling x4  
  175  9:13  Burrow  
  175  9:14  Overlord x2  
  175  9:16  Zergling x4  
  177  9:17  Baneling x2  
  177  9:18  Baneling  
  177  9:21  Overlord  
  177  9:26  Infestation Pit  
  177  9:28  Zergling x2  
  177  9:29  Zergling x16  
  178  9:40  Mutalisk  
  178  9:41  Mutalisk x3  
  181  9:47  Mutalisk x2  
  181  9:49  Zergling x20  
  181  9:52  Zergling x2  
  196  9:57  Drone x2  
  198  10:03  Zerg Ground Armor Level 2  
  198  10:06  Hatchery  
  197  10:07  Spore Crawler  
  197  10:09  Hive  
  197  10:11  Zergling x2  
  197  10:12  Zergling x4  
  199  10:17  Zerg Melee Weapons Level 2  
  199  10:20  Zerg Flyer Weapons Level 2  
  199  10:23  Extractor  
  199  10:26  Baneling  
  199  10:27  Baneling x5  
  199  10:28  Zergling x2  
  199  10:42  Overseer x2  
  199  10:46  Baneling x12  
  199  10:49  Baneling  
  199  10:50  Baneling x2  
  199  10:55  Baneling  
  199  10:56  Baneling x5  
  198  11:14  Zergling x8  
  198  11:16  Zergling x6  
  196  11:19  Zergling x2  
  196  11:23  Adrenal Glands  
  196  11:24  Ultralisk Cavern  
  194  11:27  Zergling x10  
  194  11:28  Zergling x2  
  200  11:35  Baneling, Zergling x2  
  200  11:36  Baneling x22  
  199  11:41  Zergling x2  
  199  11:46  Zergling x2  
  200  11:47  Zergling x2  
  200  12:02  Baneling  
  200  12:05  Hatchery  
  200  12:06  Hatchery  
  198  12:10  Zergling x2  
  198  12:11  Baneling x12  
  198  12:12  Baneling x9  
  199  12:16  Zergling x2  
  188  12:30  Zergling x2  
  188  12:31  Zergling x26  
  193  12:38  Zerg Melee Weapons Level 3, Zerg Ground Armor Level 3  
  190  12:48  Ultralisk, Zergling x6  
  190  12:49  Zergling x2  
  200  12:51  Baneling x7  
  200  12:52  Baneling x17  
  200  12:53  Baneling  
  199  12:58  Zergling x2  
  199  13:01  Chitinous Plating  
  200  13:06  Extractor  
  200  13:10  Zergling x2  
  198  13:13  Zergling x2  
  198  13:17  Ultralisk  
  182  13:29  Ultralisk x2  
  182  13:30  Zergling x10  
  182  13:31  Baneling  
  182  13:32  Baneling x7  
  199  13:40  Overseer x3  
  199  13:42  Baneling x4  
  199  13:43  Baneling  
  199  13:48  Unknown  
  198  13:52  Zergling x2  
  198  13:53  Zergling x6  
  200  14:02  Zerg Flyer Weapons Level 3  
  197  14:16  Ultralisk  
  182  14:17  Ultralisk, Zergling x2  
  182  14:18  Zergling x34  
  200  14:25  Anabolic Synthesis  
  199  14:33  Baneling x4  
  199  14:34  Baneling x8  
  199  14:46  Baneling x22  
  199  14:47  Baneling x3  
  199  14:55  Hatchery  
  199  14:56  Zergling x2  
  199  15:02  Zergling x4  
  181  15:12  Ultralisk x2  
  181  15:13  Ultralisk x2  
  192  15:15  Zergling x16  
  196  15:21  Zergling x6  
  196  15:22  Zergling x2  
  196  15:27  Zergling x2  
  196  15:28  Zergling x6  
  199  15:40  Zergling x4  
  198  15:43  Zergling x14  
  198  15:44  Zergling x12  
  198  15:48  Zergling x16  
  195  15:55  Baneling  
  195  15:56  Baneling x15  
  187  15:59  Ultralisk, Zergling x2  
  187  16:00  Zergling x12  
  200  16:07  Baneling x2  
  200  16:08  Baneling x14  
  200  16:09  Baneling x18  
  200  16:10  Drone  
  200  16:11  Drone  
  198  16:18  Drone  
  198  16:20  Drone  
Show
View Real Time Build Order
Export as new Build Order

souL Terran 

Build Orders: Reaper Expand, Hellion Banshee 

Get SALT Encoding   

  12  0:00  SCV  
  13  0:13  SCV  
  14  0:17  Supply Depot  
  14  0:25  SCV  
  15  0:39  SCV  
  15  0:40  Barracks  
  16  0:44  Refinery  
  16  0:51  SCV  
  17  1:03  SCV  
  18  1:15  SCV  
  19  1:28  Orbital Command  
  19  1:29  Reaper  
  20  1:39  Command Center  
  20  1:48  Supply Depot  
  20  1:53  SCV  
  21  2:01  Marine  
  22  2:05  SCV  
  23  2:09  Factory  
  23  2:12  Refinery  
  23  2:18  SCV  
  24  2:23  Barracks Reactor  
  24  2:30  SCV  
  25  2:42  SCV  
  26  2:52  Orbital Command  
  26  2:54  Starport  
  26  2:55  SCV  
  27  3:00  Factory Tech Lab  
  27  3:01  Marine x2  
  29  3:07  SCV  
  30  3:13  Supply Depot  
  30  3:18  Marine, SCV  
  30  3:19  Marine, SCV  
  34  3:26  Factory Reactor  
  34  3:31  SCV x2  
  36  3:37  Cloaking Field  
  36  3:38  Marine x2  
  38  3:43  SCV x2  
  38  3:46  Banshee, Supply Depot  
  43  3:55  Marine, SCV x2  
  44  3:56  Marine  
  47  4:03  Hellion  
  47  4:04  Hellion  
  47  4:07  SCV x2  
  53  4:10  Supply Depot  
  53  4:13  Marine x2  
  53  4:15  Armory  
  55  4:19  SCV  
  55  4:20  SCV  
  55  4:22  Supply Depot  
  56  4:26  Hellion  
  56  4:27  Hellion  
  60  4:31  SCV  
  60  4:32  Banshee, SCV  
  60  4:36  Marine x2  
  67  4:41  Supply Depot  
  67  4:43  SCV  
  67  4:44  SCV  
  69  4:48  Hellion  
  69  4:49  Hellion  
  73  4:57  Supply Depot  
  73  5:01  Marine, Command Center  
  73  5:04  SCV  
  75  5:11  Hellion x2  
  79  5:14  Banshee  
  79  5:17  SCV  
  79  5:20  SCV  
  73  5:29  SCV  
  73  5:32  Hellion x2  
  65  5:41  Barracks  
  65  5:42  Engineering Bay x2  
  61  5:43  Barracks  
  61  5:46  Refinery, SCV x2  
  61  5:48  Refinery  
  63  5:51  Marine x2  
  63  5:54  Supply Depot  
  65  5:58  SCV  
  65  6:00  SCV  
  67  6:06  Starport Reactor  
  67  6:10  Command Center  
  67  6:12  Terran Infantry Weapons Level 1, Terran Infantry Armor Level 1  
  67  6:15  Orbital Command  
  67  6:17  SCV  
  68  6:32  Barracks Reactor  
  68  6:33  Barracks, SCV  
  68  6:34  Barracks  
  68  6:37  Marine x2, SCV  
  70  6:45  Marine x2, Siege Tank  
  70  6:46  SCV  
  70  6:47  Medivac  
  72  6:54  Orbital Command  
  72  6:55  Marine x2  
  74  7:02  SCV  
  74  7:03  Medivac  
  74  7:08  Barracks Tech Lab  
  79  7:11  SCV  
  79  7:13  Marine x2, Orbital Command  
  80  7:16  Barracks Tech Lab  
  80  7:17  Supply Depot, Medivac, Siege Tank  
  80  7:21  Barracks Reactor x2  
  85  7:27  Stimpack  
  85  7:28  SCV  
  85  7:29  Marine  
  87  7:30  Marine  
  87  7:31  Marine  
  87  7:32  SCV  
  87  7:36  Supply Depot  
  87  7:37  Marine  
  87  7:38  Medivac  
  87  7:40  Combat Shield  
  87  7:41  SCV  
  91  7:44  SCV x2  
  91  7:47  Missile Turret x2, Marine  
  91  7:48  Missile Turret, Marine x2  
  91  7:49  Missile Turret  
  91  7:50  Bunker  
  96  7:53  SCV  
  96  7:55  Marine  
  96  7:56  SCV  
  102  8:00  Marine  
  102  8:02  SCV  
  102  8:05  Marine  
  105  8:06  Missile Turret, Marine x2  
  105  8:07  Drilling Claws  
  105  8:11  Factory  
  105  8:12  Thor  
  109  8:13  Marine  
  109  8:16  SCV x2  
  109  8:18  Terran Infantry Weapons Level 2  
  112  8:20  Marine x2  
  112  8:22  Marine  
  112  8:24  Marine  
  112  8:25  Refinery x2  
  112  8:26  Terran Infantry Armor Level 2  
  116  8:28  Marine  
  116  8:29  Marine  
  116  8:31  Marine, SCV  
  120  8:36  Marauder  
  120  8:38  Marine x2  
  120  8:40  SCV  
  120  8:41  Marauder  
  127  8:42  Marine  
  127  8:45  Marine, Planetary Fortress  
  127  8:46  Marine  
  130  8:50  Missile Turret, Marine, SCV  
  130  8:51  Missile Turret  
  132  8:58  Marauder  
  132  8:59  Widow Mine x3  
  132  9:01  SCV  
  138  9:07  Barracks  
  138  9:08  Barracks x2  
  138  9:12  Missile Turret x2, Refinery  
  138  9:13  Sensor Tower, SCV x3  
  138  9:14  Missile Turret  
  138  9:15  Concussive Shells  
  141  9:20  Widow Mine x2  
  145  9:25  SCV, Sensor Tower  
  145  9:28  Supply Depot  
  145  9:31  Supply Depot  
  146  9:37  Thor  
  148  9:40  SCV  
  148  9:42  Bunker  
  148  9:45  Marine, Marauder  
  148  9:49  SCV  
  148  9:52  Missile Turret  
  146  9:53  Missile Turret, Marauder  
  146  9:54  Missile Turret  
  146  9:57  Bunker  
  146  9:59  Supply Depot  
  148  10:01  Marine, Widow Mine, SCV  
  148  10:02  Barracks Tech Lab x2, SCV x2  
  148  10:04  SCV  
  148  10:06  Widow Mine  
  157  10:13  SCV  
  157  10:14  SCV  
  159  10:21  Widow Mine  
  161  10:23  Widow Mine, SCV  
  161  10:24  Command Center  
  161  10:26  Supply Depot, Medivac  
  166  10:32  Medivac  
  166  10:34  SCV  
  167  10:38  Widow Mine  
  167  10:45  Command Center  
  167  10:47  Factory  
  167  10:50  Widow Mine  
  167  10:53  Missile Turret  
  167  10:56  Marine, Marauder  
  172  10:59  Terran Infantry Armor Level 3  
  172  11:05  SCV x3  
  175  11:15  Marine  
  174  11:21  Marine  
  174  11:22  Marauder  
  174  11:24  Engineering Bay, Terran Vehicle And Ship Armor Level 1, Barracks Tech Lab  
  176  11:27  Engineering Bay  
  176  11:28  Widow Mine  
  178  11:34  Factory Tech Lab  
  178  11:35  Thor  
  184  11:40  Missile Turret, Ghost Academy  
  184  11:41  Marauder  
  184  11:47  Bunker  
  184  11:48  Widow Mine  
  184  11:50  Bunker  
  184  11:53  Missile Turret  
  186  11:57  Command Center  
  186  11:59  Missile Turret  
  186  12:02  Medivac  
  186  12:03  Missile Turret x2  
  186  12:04  Missile Turret  
  188  12:16  Widow Mine  
  188  12:21  Marine  
  190  12:23  Terran Infantry Weapons Level 3  
  190  12:27  Marine, Marauder  
  190  12:28  Widow Mine  
  178  12:30  Marine  
  174  12:38  Marine  
  174  12:40  Marine  
  174  12:41  Marine x2  
  175  12:47  Medivac x2  
  175  12:50  SCV x4  
  180  12:52  Missile Turret  
  180  12:54  Missile Turret  
  180  12:58  Ghost  
  180  12:59  Ghost x4  
  180  13:02  SCV x3  
  190  13:07  SCV  
  190  13:09  Refinery  
  183  13:22  SCV  
  176  13:27  Ghost x2  
  176  13:29  SCV x2  
  176  13:34  Missile Turret, SCV  
  180  13:35  Sensor Tower  
  181  13:41  SCV x2  
  181  13:46  SCV  
  184  13:51  Supply Depot x2  
  184  13:53  SCV  
  184  13:55  SCV  
  187  13:59  SCV  
  187  14:02  Missile Turret x2  
  187  14:06  SCV x2  
  187  14:07  Refinery  
  187  14:08  Widow Mine, Refinery  
  187  14:10  SCV  
  187  14:12  Widow Mine x2, SCV  
  166  14:21  SCV  
  165  14:31  Planetary Fortress  
  165  14:36  Unknown  
  165  14:38  Bunker  
  165  14:39  Command Center x2  
  165  14:41  Factory Tech Lab, Factory Reactor  
  165  14:42  Widow Mine  
  165  14:44  Personal Cloaking  
  165  14:47  SCV  
  165  14:51  SCV  
  167  14:55  Command Center  
  167  15:04  Widow Mine  
  161  15:12  Widow Mine  
  140  15:15  Marine, Marauder x2  
  140  15:16  Marine x6, Marauder  
  140  15:17  Marauder  
  140  15:18  Widow Mine  
  146  15:25  Widow Mine x2  
  139  15:33  Marine, Widow Mine  
  139  15:34  Marine x5  
  139  15:35  Marauder  
  148  15:36  Marine  
  148  15:37  Marine, Marauder  
  148  15:38  Marauder  
  148  15:40  Widow Mine  
  141  15:46  Widow Mine  
  141  15:47  Widow Mine  
  138  15:51  Marine  
  138  15:52  Marine x5  
  138  15:55  Marauder, Widow Mine  
  138  15:56  Marauder  
  149  16:00  Marauder  
  149  16:02  Supply Depot  
  149  16:03  Supply Depot  
  149  16:05  Supply Depot  
  149  16:06  Widow Mine, Supply Depot  
  149  16:08  Widow Mine  
  157  16:19  Command Center  
  157  16:23  Marine x2  
  157  16:24  Widow Mine, Marauder x4  
  157  16:25  Marauder, Command Center  
  167  16:27  SCV  
  167  16:28  SCV x2  
Tags
 
Add a new tag
Caveats
  • Supply blocks, unpowered buildings, or Contaminate may cause inaccurate times.
  • Supply counts are checked every 10 seconds.